 Dungeon Crawl Stone Soup version 0.30.0-29-ga12c61a403 (webtiles) character file.

Game seed: 15387013882246941216

137 passiveaggressive the Poker (level 5, -3/58 HPs)
             Began as a Merfolk Gladiator on June 23, 2023.
             Slain by an iguana (7 damage)
             ... on level 4 of the Dungeon.
             The game lasted 00:03:36 (2644 turns).

passiveaggressive the Poker (Merfolk Gladiator)     Turns: 2644, Time: 00:03:36

Health: -3/58      AC: 22    Str: 17    XL:     5   Next: 20%
Magic:  5/5        EV:  2    Int:  7    God:
Gold:   195        SH:  3    Dex: 15    Spells: 4/4 levels left

rFire   . . .        a - +0 trident
rCold   . . .        k - +0 buckler
rNeg    + . .        b - melded +0 leather armour
rPois   +            c - melded +0 helmet
rElec   .            (cloak currently unavailable)
rCorr   .            s - melded +0 pair of gloves
SInv    .            (boots currently unavailable)
Will    .....        (no amulet)
Stlth   ++           t - ring of positive energy
HPRegen 0.29/turn    (no ring)
MPRegen 0.09/turn

%: no passive effects
@: tree-form
A: stationary, stasis, torment immunity, boosted hp, (nimble swimmer 2),
(mertail)
a: no special abilities


You were on level 4 of the Dungeon.
You were a tree.
You visited 1 branch of the dungeon, and saw 4 of its levels.

You collected 195 gold pieces.

Inventory:

Hand Weapons
 a - a +0 trident (weapon)
Missiles
 d - 5 throwing nets (quivered)
 e - a javelin
 q - 3 curare-tipped darts
Armour
 b - a +0 leather armour (melded)
 c - a +0 helmet (melded)
 k - a +0 buckler (worn)
 s - a +0 pair of gloves (melded)
 y - a scarf of harm
Jewellery
 t - a ring of positive energy (left branch)
Scrolls
 h - 2 scrolls of magic mapping {unknown}
 l - a scroll of teleportation {unknown}
 p - a scroll of amnesia
 r - a scroll of fog {unknown}
 u - 3 scrolls of enchant weapon
 v - 2 scrolls of acquirement {unknown}
 x - 2 scrolls of immolation {unknown}
Potions
 f - 2 potions of ambrosia {unknown}
 g - 2 potions of degeneration
 j - 3 potions of lignification
 m - a potion of resistance {unknown}
 n - 4 potions of curing {unknown}
 o - a potion of flight {unknown}
 z - a potion of brilliance {unknown}


   Skills:
 + Level 2.5 Fighting
 * Level 6.5 Polearms
 + Level 2.0 Throwing
 * Level 4.9 Dodging
 + Level 1.3 Stealth
 + Level 0.3 Shields


You had 4 spell levels left.
You didn't know any spells.
Your spell library contained the following spells:

 Spells                   Type           Power      Damage    Failure   Level
 Slow                     Hex            0%         N/A       52%         1
 Confusing Touch          Hex            0%         N/A       88%         3
 Vampiric Draining        Necr           0%         2d6       88%         3


Dungeon Overview and Level Annotations

Branches:
Dungeon (4/15)
 Temple: D:4-7

Altars:

Shops:
D:2 (


Innate Abilities, Weirdness & Mutations

You are a tree.
Your roots penetrate the ground, keeping you stationary.
You cannot be teleported.
You are immune to unholy pain and torment.
Your maximum health is greatly increased.
Your equipment is partially melded.
((You are very nimble when in or above water. (Stealth+, EV+, Speed+++)))
((Your lower body shifts to a powerful aquatic tail in water.))


Message History

The iguana bites you.
You closely miss the iguana.
The iguana is lightly wounded.
The iguana misses you.
You hit the iguana but do no damage.
The iguana is lightly wounded.
The iguana bites you.
You hit the iguana but do no damage.
The iguana is lightly wounded.
You block the iguana's attack.
You closely miss the iguana.
The iguana is lightly wounded.
The iguana bites you. x2
You puncture the iguana!
The iguana is severely wounded.
The iguana closely misses you.
Unknown command.
You hit the iguana but do no damage.
The iguana is severely wounded.
The iguana bites you!
* * * LOW HITPOINT WARNING * * *
Unknown command.
Unknown command.
The iguana attacks as you move away! The iguana misses you.
It was a potion of lignification.
You turn into a tree.
Your +0 helmet melds into your body.
Your +0 pair of gloves melds into your body.
Your +0 leather armour melds into your body.
Your roots penetrate the ground.
The iguana bites you but does no damage.
Unknown command.
Okay, then.
Okay, then.
As you read the scroll of summoning, it crumbles to dust.
Wisps of shadow whirl around you...
The iguana bites you but does no damage.
You barely miss the iguana.
The iguana is severely wounded.
Your adder barely misses the iguana.
The iguana bites you!
You die...

. ..# .. ..# ..
#.# #. ###$# . #.
...### ..
#..##J...#
#..###.>lS.#
#....###♣.##.###
####..#..........
#.B.####.....
#..## ....
#..#### ...
#.....# ..
#.###.# . #.
#<###### #.
#......#


You could see an iguana (ally target), a friendly adder (summoned), a friendly
endoplasm (summoned) and a friendly giant cockroach (summoned, wandering).

Vanquished Creatures
  An orc priest (D:3)
  Jessica (D:2)
  2 worms (D:2)
  2 dart slugs (D:1)
  3 orcs (D:3)
  11 endoplasms
  4 giant cockroaches
  3 goblins
  7 hobgoblins
  3 jackals (D:3)
  4 quokkas
  4 ball pythons (D:2)
  5 bats
  4 frilled lizards
  6 kobolds
  7 rats
67 creatures vanquished.

Notes
Turn   | Place    | Note
-------+----------+-------------------------------------------
     0 | D:1      | passiveaggressive the Merfolk Gladiator began the quest for
                  | the Orb.
     0 | D:1      | Reached XP level 1. HP: 16/16 MP: 1/1
   208 | D:1      | Reached XP level 2. HP: 22/22 MP: 2/2
   607 | D:1      | Reached XP level 3. HP: 27/28 MP: 3/3
   611 | D:1      | Reached skill level 1 in Stealth
   673 | D:1      | Reached skill level 5 in Polearms
  1027 | D:2      | Noticed Jessica
  1057 | D:2      | Killed Jessica
  1058 | D:2      | Reached XP level 4. HP: 34/34 MP: 4/4
  1343 | D:2      | Found Byoteefu's Weapon Boutique.
  2016 | D:3      | Reached skill level 6 in Polearms
  2102 | D:3      | Found a faded altar of an unknown god.
  2275 | D:3      | Reached XP level 5. HP: 12/39 MP: 5/5
  2644 | D:4      | Slain by an iguana

Illustrated notes

Levels and vault maps discovered:
D:1:      shiori_shiawase, layout_basic
D:2:      layout_basic, serial_shops, nicolae_shop_tiny_waterfront, hex_tiny,
          uniq_jessica
D:3:      layout_basic, ebering_ecumenical_altar_mist, nicolae_titane
D:4:      layout_rooms, lemuel_mausoleum_altar_yredelemnul,
          minmay_temple_entry_statues, minmay_ogre_servants

Skill      XL: |  1  2  3  4 |
---------------+-------------+-----
Stealth        | 1 |  1.3
Polearms       | 5 6 |  6.5
Fighting       | |  2.5
Throwing       | |  2.0
Dodging        | |  4.9
Shields        | |  0.3

Action                     |  1- 3 |  4- 6 || total
---------------------------+-------+-------++-------
  Melee: Trident           |    89 |   131 ||   220
    Use: Scroll            |     2 |     3 ||     5
         Potion            |       |     1 ||     1
   Stab: Sleeping          |       |     6 ||     6
         Distracted        |       |     1 ||     1
 Armour: Leather armour    |    14 |    22 ||    36
         Skin              |       |     2 ||     2
  Dodge: Dodged            |    41 |    52 ||    93
  Block: Buckler           |     5 |    18 ||    23
